| TOP OF THE 1ST |
|
Vancouver Canadians batting - Pitching for Aberdeen Ironbirds : LHP Ryan Watkins
|
|
Pitching: LHP Ryan Watkins
|
|
|
Batting: RHB Kennet Strijbis
|
0-0: Ball 1-0: Fly out, F8 (Flyball, 8RD, EV 80.0 MPH)
|
|
Batting: RHB Carlos Renteria
|
0-0: Foul Ball, location: 2F 0-1: Called Strike 0-2: Ball 1-2: Strikes out swinging
|
|
Batting: RHB Paul Healy
|
0-0: Foul Ball, location: 2F 0-1: Ball 1-1: Ball 2-1: Ground out 6-3 (Groundball, 6, EV 99.4 MPH)
|
| Top of the 1st over - 0 runs, 0 hits, 0 errors, 0 left on base; Vancouver 0 - Aberdeen 0 |
| BOTTOM OF THE 1ST |
|
Aberdeen Ironbirds batting - Pitching for Vancouver Canadians : RHP Jonathon Crunk
|
|
Pitching: RHP Jonathon Crunk
|
|
|
Batting: RHB Kevin Popowicz
|
0-0: Ground out U3 (Groundball, 34, EV 85.6 MPH)
|
|
Batting: RHB Maup Gommers
|
0-0: Ball 1-0: Fly out, F4 (Popup, 3S, EV 76.2 MPH)
|
|
Batting: LHB Sam Williams
|
0-0: Ball 1-0: Called Strike 1-1: Ball 2-1: Ground out 5-3 (Groundball, 15, EV 82.5 MPH)
|
| Bottom of the 1st over - 0 runs, 0 hits, 0 errors, 0 left on base; Vancouver 0 - Aberdeen 0 |
| TOP OF THE 2ND |
|
Vancouver Canadians batting - Pitching for Aberdeen Ironbirds : LHP Ryan Watkins
|
|
Batting: RHB Nikita Schram
|
0-0: Called Strike 0-1: SINGLE (Groundball, 25, EV 75.6 MPH) (infield hit)
|
|
Batting: RHB George King
|
0-0: Ball Nikita Schram steals 2nd base 1-0: Ball Wild Pitch! Nikita Schram to third 2-0: Foul Ball, location: 2F 2-1: Ball 3-1: Swinging Strike 3-2: Strikes out looking
|
|
Batting: RHB Elliot Manfredini
|
0-0: Called Strike 0-1: Ground out 6-3 (Groundball, 6M, EV 105.0 MPH) Nikita Schram scores
|
|
Batting: RHB Brian Manson
|
0-0: Called Strike 0-1: Swinging Strike 0-2: Ball 1-2: Ground out 5-3 (Groundball, 56, EV 102.5 MPH)
|
| Top of the 2nd over - 1 run, 1 hit, 0 errors, 0 left on base; Vancouver 1 - Aberdeen 0 |
| BOTTOM OF THE 2ND |
|
Aberdeen Ironbirds batting - Pitching for Vancouver Canadians : RHP Jonathon Crunk
|
|
Batting: RHB Jonathan Mendoza
|
0-0: Ball 1-0: Ball 2-0: SINGLE (Groundball, 3D, EV 94.4 MPH)
|
|
Batting: LHB Vinny Rivera
|
0-0: Foul Ball, location: 2F 0-1: Swinging Strike 0-2: Strikes out swinging
|
|
Batting: SHB Carlos Carrillo
|
0-0: Swinging Strike 0-1: Swinging Strike 0-2: Strikes out swinging
|
|
Batting: LHB Pat Fontana
|
0-0: Called Strike 0-1: Called Strike 0-2: Foul Ball, location: 2F 0-2: Strikes out swinging
|
| Bottom of the 2nd over - 0 runs, 1 hit, 0 errors, 1 left on base; Vancouver 1 - Aberdeen 0 |
| TOP OF THE 3RD |
|
Vancouver Canadians batting - Pitching for Aberdeen Ironbirds : LHP Ryan Watkins
|
|
Batting: RHB Ricky Carbajal
|
0-0: SINGLE (Groundball, 25, EV 64.4 MPH) (infield hit)
|
|
Batting: RHB Luis Vargas
|
0-0: Foul Ball, location: 2F 0-1: Ball 1-1: SINGLE (Groundball, 6MD, EV 104.4 MPH) Ricky Carbajal to second
|
|
Batting: RHB Kennet Strijbis
|
0-0: Ball 1-0: Swinging Strike 1-1: Ball 2-1: Swinging Strike 2-2: SINGLE (Line Drive, 3D, EV 96.2 MPH) Ricky Carbajal to third Luis Vargas to second Runner from 3rd tries for Home, throw by RF and OUT! 9-2 Luis Vargas to third Kennet Strijbis to second
|
|
Batting: RHB Carlos Renteria
|
0-0: Ball 1-0: Ground out 6-3 (Groundball, 6, EV 93.8 MPH) Luis Vargas scores Kennet Strijbis to third
|
|
Batting: RHB Paul Healy
|
0-0: Ball 1-0: Ball 2-0: Called Strike 2-1: Foul Ball, location: 2F 2-2: Foul Ball, location: 2F 2-2: SINGLE (Flyball, 6D, EV 88.1 MPH) Kennet Strijbis scores
|
|
Batting: RHB Nikita Schram
|
0-0: Foul Ball, location: 2F 0-1: Foul Ball, location: 2F 0-2: Ball 1-2: Strikes out swinging
|
| Top of the 3rd over - 2 runs, 4 hits, 0 errors, 1 left on base; Vancouver 3 - Aberdeen 0 |
| BOTTOM OF THE 3RD |
|
Aberdeen Ironbirds batting - Pitching for Vancouver Canadians : RHP Jonathon Crunk
|
|
Batting: RHB Fernando Bravo
|
0-0: Ball 1-0: Called Strike 1-1: Foul Ball, location: 2F 1-2: Foul Ball, location: 2F 1-2: Ball 2-2: Ground out 6-3 (Groundball, 6, EV 83.8 MPH)
|
|
Batting: RHB Carlos Teniente
|
0-0: Swinging Strike 0-1: Ball 1-1: Ball 2-1: Swinging Strike 2-2: Ball 3-2: Strikes out looking
|
|
Batting: RHB Kevin Popowicz
|
0-0: Ground out 5-3 (Groundball, 56, EV 108.8 MPH)
|
| Bottom of the 3rd over - 0 runs, 0 hits, 0 errors, 0 left on base; Vancouver 3 - Aberdeen 0 |
| TOP OF THE 4TH |
|
Vancouver Canadians batting - Pitching for Aberdeen Ironbirds : LHP Ryan Watkins
|
|
Batting: RHB George King
|
0-0: Foul Ball, location: 2F 0-1: Foul Ball, location: 2F 0-2: Ball 1-2: Ball 2-2: Ball 3-2: Foul Ball, location: 2F 3-2: Foul Ball, location: 2F 3-2: Base on Balls
|
|
Batting: RHB Elliot Manfredini
|
0-0: Ball 1-0: Called Strike 1-1: Foul Ball, location: 2F 1-2: Ball 2-2: Strikes out swinging
|
|
Batting: RHB Brian Manson
|
0-0: Called Strike George King is caught stealing 2nd base 2-4 0-1: Ball 1-1: Ball 2-1: Ball 3-1: Base on Balls
|
|
Batting: RHB Ricky Carbajal
|
0-0: Hit by Pitch Brian Manson to second
|
|
Batting: RHB Luis Vargas
|
0-0: Foul Ball, location: 2F 0-1: Ball 1-1: Swinging Strike 1-2: Strikes out swinging
|
| Top of the 4th over - 0 runs, 0 hits, 0 errors, 2 left on base; Vancouver 3 - Aberdeen 0 |
| BOTTOM OF THE 4TH |
|
Aberdeen Ironbirds batting - Pitching for Vancouver Canadians : RHP Jonathon Crunk
|
|
Batting: RHB Maup Gommers
|
0-0: Called Strike 0-1: Foul Ball, location: 2F 0-2: Strikes out looking
|
|
Batting: LHB Sam Williams
|
0-0: Ball 1-0: Swinging Strike 1-1: Foul Ball, location: 2F 1-2: Ball 2-2: Ball 3-2: Base on Balls
|
|
Batting: RHB Jonathan Mendoza
|
0-0: Ball 1-0: Ball 2-0: Called Strike 2-1: Swinging Strike 2-2: Foul Ball, location: 2F 2-2: Ball 3-2: Fly out, F4 (Flyball, 4D, EV 91.2 MPH)
|
|
Batting: LHB Vinny Rivera
|
0-0: Ball 1-0: Ball 2-0: Foul Ball, location: 2F 2-1: Fly out, F8 (Flyball, 8LM, EV 85.6 MPH)
|
| Bottom of the 4th over - 0 runs, 0 hits, 0 errors, 1 left on base; Vancouver 3 - Aberdeen 0 |
| TOP OF THE 5TH |
|
Vancouver Canadians batting - Pitching for Aberdeen Ironbirds : LHP Ryan Watkins
|
|
Batting: RHB Kennet Strijbis
|
0-0: Fly out, F8 (Flyball, 8RM, EV 77.5 MPH)
|
|
Batting: RHB Carlos Renteria
|
0-0: Called Strike 0-1: Ball 1-1: Foul Ball, location: 2F 1-2: Ball 2-2: SINGLE (Groundball, 23, EV 70.6 MPH) (infield hit)
|
|
Batting: RHB Paul Healy
|
0-0: Ball Carlos Renteria is caught stealing 2nd base 2-4 1-0: Ball 2-0: Ball 3-0: Base on Balls
|
|
Batting: RHB Nikita Schram
|
0-0: Called Strike 0-1: Fielders Choice at 2nd, 4-6 (Groundball, 4MD, EV 80.6 MPH)
|
| Top of the 5th over - 0 runs, 1 hit, 0 errors, 1 left on base; Vancouver 3 - Aberdeen 0 |
| BOTTOM OF THE 5TH |
|
Aberdeen Ironbirds batting - Pitching for Vancouver Canadians : RHP Jonathon Crunk
|
|
Batting: SHB Carlos Carrillo
|
0-0: Called Strike 0-1: Ball 1-1: Ground out U3 (Groundball, 3, EV 85.6 MPH)
|
|
Batting: LHB Pat Fontana
|
0-0: Ball 1-0: Ball 2-0: Called Strike 2-1: Foul Ball, location: 2F 2-2: Ball 3-2: Base on Balls
|
|
Batting: RHB Fernando Bravo
|
0-0: Called Strike Pat Fontana is caught stealing 2nd base 2-4 0-1: Swinging Strike 0-2: Hit by Pitch
|
|
Batting: RHB Carlos Teniente
|
0-0: Ground out 5-3 (Groundball, 56S, EV 80.0 MPH)
|
| Bottom of the 5th over - 0 runs, 0 hits, 0 errors, 1 left on base; Vancouver 3 - Aberdeen 0 |
| TOP OF THE 6TH |
|
Vancouver Canadians batting - Pitching for Aberdeen Ironbirds : LHP Ryan Watkins
|
|
Batting: RHB George King
|
0-0: Ball 1-0: Ball 2-0: Swinging Strike 2-1: Ball 3-1: Base on Balls
|
|
Batting: RHB Elliot Manfredini
|
0-0: Called Strike 0-1: Foul Ball, location: 2F 0-2: Ball 1-2: Hit by Pitch George King to second
|
|
Batting: RHB Brian Manson
|
0-0: Swinging Strike 0-1: Called Strike 0-2: Strikes out swinging
|
|
Batting: RHB Ricky Carbajal
|
0-0: Ball 1-0: Foul Ball, location: 2F 1-1: Ball 2-1: Foul Ball, location: 2F 2-2: Ball 3-2: Base on Balls George King to third Elliot Manfredini to second
|
|
Batting: RHB Luis Vargas
|
0-0: Called Strike 0-1: Swinging Strike 0-2: Ball 1-2: Hit by Pitch George King scores Elliot Manfredini to third Ricky Carbajal to second
|
|
Pitching: RHP Joe Underhill
|
|
|
Batting: RHB Kennet Strijbis
|
0-0: Ball Wild Pitch! Elliot Manfredini scores Ricky Carbajal to third Luis Vargas to second 1-0: Foul Ball, location: 2F 1-1: Ball 2-1: Foul Ball, location: 2F 2-2: SINGLE (Line Drive, 8LS, EV 113.8 MPH) Ricky Carbajal scores Luis Vargas to third
|
|
Batting: RHB Carlos Renteria
|
0-0: Ball Kennet Strijbis is caught stealing 2nd base 2-4 1-0: Called Strike 1-1: Foul Ball, location: 2F 1-2: Ball 2-2: Strikes out swinging
|
| Top of the 6th over - 3 runs, 1 hit, 0 errors, 1 left on base; Vancouver 6 - Aberdeen 0 |
| BOTTOM OF THE 6TH |
|
Aberdeen Ironbirds batting - Pitching for Vancouver Canadians : RHP Jonathon Crunk
|
|
Batting: RHB Kevin Popowicz
|
0-0: Called Strike 0-1: TRIPLE (Flyball, 78XD, EV 105.0 MPH)
|
|
Batting: RHB Maup Gommers
|
0-0: Foul Ball, location: 2F 0-1: Swinging Strike 0-2: Ball 1-2: Fly out, F8 (Flyball, 89D, EV 100.6 MPH) Runner from 3rd tags up, SCORES, throw by CF
|
|
Batting: LHB Sam Williams
|
0-0: Swinging Strike 0-1: Foul Ball, location: 2F 0-2: Ball 1-2: Foul Ball, location: 2F 1-2: Foul Ball, location: 2F 1-2: Ball 2-2: Foul Ball, location: 2F 2-2: Foul Ball, location: 2F 2-2: Ball 3-2: Base on Balls
|
|
Batting: RHB Jonathan Mendoza
|
0-0: Fly out, F8 (Flyball, 8RM, EV 95.6 MPH)
|
|
Batting: LHB Vinny Rivera
|
0-0: Ball 1-0: Called Strike 1-1: Ball 2-1: Foul Ball, location: 2F 2-2: Foul Ball, location: 2F 2-2: Ball 3-2: Foul Ball, location: 2F 3-2: Foul Ball, location: 2F 3-2: Reached on error, E7 (Flyball, 7LS, EV 88.1 MPH) Sam Williams to third
|
|
Batting: SHB Carlos Carrillo
|
0-0: Ball 1-0: Ball 2-0: Ball 3-0: Base on Balls
|
|
Pitching: RHP Steffen Joseph
|
|
|
Batting: LHB Pat Fontana
|
0-0: Foul Ball, location: 2F 0-1: Foul Ball, location: 2F 0-2: Fly out, F9 (Flyball, 9, EV 68.8 MPH)
|
| Bottom of the 6th over - 1 run, 1 hit, 1 error, 3 left on base; Vancouver 6 - Aberdeen 1 |
| TOP OF THE 7TH |
|
Vancouver Canadians batting - Pitching for Aberdeen Ironbirds : RHP Joe Underhill
|
|
Batting: RHB Paul Healy
|
0-0: Ball 1-0: Foul Ball, location: 2F 1-1: Ball 2-1: Ball 3-1: Called Strike 3-2: Base on Balls
|
|
Batting: RHB Nikita Schram
|
0-0: Ball 1-0: DOUBLE (Line Drive, 9LS, EV 88.1 MPH) Paul Healy to third
|
|
Batting: RHB George King
|
0-0: Ball 1-0: Ball 2-0: Ball 3-0: Called Strike 3-1: Ground out 1-3 (Groundball, 13S, EV 61.2 MPH)
|
|
Batting: RHB Elliot Manfredini
|
0-0: Ball 1-0: Called Strike 1-1: Ground out 5-3 (Groundball, 5, EV 86.2 MPH)
|
|
Batting: RHB Brian Manson
|
0-0: Ball 1-0: Ball 2-0: Ground out 6-3 (Groundball, 56, EV 105.0 MPH)
|
| Top of the 7th over - 0 runs, 1 hit, 0 errors, 2 left on base; Vancouver 6 - Aberdeen 1 |
| BOTTOM OF THE 7TH |
|
Aberdeen Ironbirds batting - Pitching for Vancouver Canadians : RHP Steffen Joseph
|
|
Batting: RHB Fernando Bravo
|
0-0: Ball 1-0: Ball 2-0: Fly out, F9 (Line Drive, 9S, EV 85.0 MPH)
|
|
Batting: RHB Carlos Teniente
|
0-0: Called Strike 0-1: Ball 1-1: Ball 2-1: Foul Ball, location: 2F 2-2: Ball 3-2: Foul Ball, location: 2F 3-2: Strikes out swinging
|
|
Batting: RHB Kevin Popowicz
|
0-0: Ball 1-0: Foul Ball, location: 2F 1-1: Ball 2-1: Fly out, F9 (Line Drive, 9S, EV 100.0 MPH)
|
| Bottom of the 7th over - 0 runs, 0 hits, 0 errors, 0 left on base; Vancouver 6 - Aberdeen 1 |
| TOP OF THE 8TH |
|
Vancouver Canadians batting - Pitching for Aberdeen Ironbirds : RHP Joe Underhill
|
|
Batting: RHB Ricky Carbajal
|
0-0: Ball 1-0: Foul Ball, location: 2F 1-1: Fly out, F7 (Flyball, 7D, EV 101.2 MPH)
|
|
Batting: RHB Luis Vargas
|
0-0: Fly out, F8 (Line Drive, 8RD, EV 91.2 MPH)
|
|
Batting: RHB Kennet Strijbis
|
0-0: Ball 1-0: Called Strike 1-1: Fly out, F9 (Flyball, 9LM, EV 87.5 MPH)
|
| Top of the 8th over - 0 runs, 0 hits, 0 errors, 0 left on base; Vancouver 6 - Aberdeen 1 |
| BOTTOM OF THE 8TH |
|
Aberdeen Ironbirds batting - Pitching for Vancouver Canadians : RHP Steffen Joseph
|
|
Batting: RHB Maup Gommers
|
0-0: Ball 1-0: Ball 2-0: Called Strike 2-1: Ball 3-1: Base on Balls
|
|
Batting: LHB Sam Williams
|
0-0: Foul Ball, location: 2F 0-1: Fly out, F9 (Flyball, 9, EV 88.1 MPH)
|
|
Batting: RHB Jonathan Mendoza
|
0-0: Fly out, F9 (Line Drive, 89M, EV 105.0 MPH)
|
|
Batting: LHB Vinny Rivera
|
0-0: Called Strike 0-1: DOUBLE (Line Drive, 78D, EV 111.9 MPH) Maup Gommers to third Runner from 3rd tries for Home, SAFE, throw by LF to trailing runner, SAFE at third!
|
|
Batting: SHB Carlos Carrillo
|
0-0: Ball Wild Pitch! Vinny Rivera scores 1-0: Ball 2-0: Ball 3-0: Base on Balls
|
|
Batting: LHB Pat Fontana
|
0-0: Called Strike 0-1: Ball 1-1: Foul Ball, location: 2F 1-2: Foul Ball, location: 2F 1-2: Fly out, F9 (Flyball, 9S, EV 88.1 MPH)
|
| Bottom of the 8th over - 2 runs, 1 hit, 0 errors, 1 left on base; Vancouver 6 - Aberdeen 3 |
| TOP OF THE 9TH |
|
Vancouver Canadians batting - Pitching for Aberdeen Ironbirds : RHP Joe Underhill
|
|
DELAY
|
Rain delay of 11 minutes in the 9th inning.
|
|
Pitching: LHP Ronnie Pickering
|
|
|
Batting: RHB Carlos Renteria
|
0-0: SINGLE (Line Drive, 4D, EV 96.9 MPH)
|
|
Batting: RHB Paul Healy
|
0-0: Called Strike 0-1: Called Strike 0-2: Ball 1-2: Foul Ball, location: 2F 1-2: Grounds into double play, 3-6-3 (Groundball, 23, EV 81.9 MPH)
|
|
Batting: RHB Nikita Schram
|
0-0: Called Strike 0-1: Swinging Strike 0-2: Strikes out looking
|
| Top of the 9th over - 0 runs, 1 hit, 0 errors, 0 left on base; Vancouver 6 - Aberdeen 3 |
| BOTTOM OF THE 9TH |
|
Aberdeen Ironbirds batting - Pitching for Vancouver Canadians : RHP Steffen Joseph
|
|
Pitching: RHP Danny Cervantes
|
|
|
Batting: RHB Fernando Bravo
|
0-0: Ball 1-0: Called Strike 1-1: DOUBLE (Groundball, 5L, EV 103.1 MPH)
|
|
Pinch Hitting: LHB Jeremy Nuzzo
|
0-0: Ball 1-0: SINGLE (Groundball, 6D, EV 96.9 MPH) Fernando Bravo to third
|
|
Batting: RHB Kevin Popowicz
|
0-0: Fielders Choice at 2nd, 6-4 (Groundball, 6, EV 85.0 MPH) Fernando Bravo scores
|
|
Batting: RHB Maup Gommers
|
0-0: Ball 1-0: Foul Ball, location: 2F 1-1: Ball 2-1: Grounds into double play, 5-4-3 (Groundball, 5, EV 106.2 MPH)
|
| Bottom of the 9th over - 1 run, 2 hits, 0 errors, 0 left on base; Vancouver 6 - Aberdeen 4 |
|